Map: Блэкберн РВ

Players

Сквидкорона - Winner!

  • Race: Zerg Zerg
  • League: Gold

Petr

  • Race: Terran Terran
  • League: Platinum

VOD

Have the link to the VOD?

Description

Time

  • Played on: April 24, 2021, 7:32 a.m.
  • Length: 20:54
Show
View Real Time Build Order
Export as new Build Order

Сквидкорона Zerg - Winner!

Build Orders: Hatch First, Swarm Host 

Get SALT Encoding   

  12  0:00  Drone  
  13  0:12  Overlord  
  13  0:17  Drone  
  14  0:31  Drone x2  
  16  0:37  Drone  
  17  0:55  Hatchery  
  17  0:57  Drone  
  17  1:01  Drone  
  18  1:04  Extractor  
  17  1:18  Spawning Pool  
  17  1:23  Drone  
  17  1:24  Drone  
  18  1:30  Drone  
  19  1:40  Drone  
  20  1:52  Overlord  
  20  2:03  Drone  
  20  2:07  Queen x2  
  25  2:10  Zergling x2  
  26  2:32  Hatchery  
  26  2:33  Drone  
  26  2:36  Drone  
  27  2:40  Drone  
  27  2:42  Drone  
  29  2:49  Zergling x4  
  32  2:51  Drone  
  32  2:57  Overlord  
  32  3:05  Roach Warren  
  32  3:08  Drone  
  32  3:11  Drone  
  33  3:15  Overlord  
  33  3:20  Metabolic Boost  
  33  3:27  Zergling x2, Drone  
  35  3:34  Drone  
  35  3:36  Zergling x6  
  35  3:38  Zergling x2  
  40  3:44  Baneling Nest  
  40  3:48  Roach  
  41  3:50  Roach  
  41  3:54  Roach  
  45  3:57  Zergling x2  
  45  3:59  Roach  
  45  4:02  Roach  
  50  4:12  Roach x2  
  54  4:21  Extractor  
  54  4:22  Extractor  
  52  4:25  Overlord  
  52  4:26  Roach x2  
  52  4:27  Drone  
  52  4:29  Drone  
  58  4:31  Overlord  
  58  4:35  Baneling x2  
  58  4:36  Baneling  
  58  4:37  Baneling  
  58  4:40  Baneling  
  58  4:47  Drone x3  
  61  4:54  Drone x3  
  64  5:01  Overlord  
  62  5:09  Ravager x2  
  62  5:12  Ravager  
  65  5:15  Drone x3  
  65  5:18  Queen  
  64  5:46  Zergling x2, Drone x4  
  64  5:47  Zergling x6, Roach, Overlord  
  68  5:56  Spine Crawler  
  67  6:03  Lair  
  63  6:36  Roach x2  
  63  6:38  Extractor  
  66  6:42  Extractor, Overlord  
  66  6:43  Drone x3  
  68  6:48  Spore Crawler  
  67  6:55  Spore Crawler  
  52  7:33  Overlord  
  52  7:34  Roach x2  
  56  7:39  Hydralisk Den, Hatchery  
  56  7:41  Zergling x4  
  56  7:42  Zergling x2  
  55  8:05  Drone x3  
  53  8:06  Drone x2  
  55  8:25  Grooved Spines  
  52  8:35  Spawning Pool  
  50  8:45  Hydralisk x3  
  56  8:56  Drone x3  
  56  8:57  Drone  
  56  8:59  Drone  
  57  9:11  Drone x3  
  57  9:14  Drone  
  61  9:18  Drone  
  61  9:21  Drone  
  63  9:29  Queen  
  63  9:31  Drone  
  66  9:34  Drone  
  67  9:39  Spore Crawler  
  67  9:45  Zergling x6  
  69  9:48  Drone  
  69  9:49  Drone  
  48  10:18  Drone x6  
  54  10:30  Infestation Pit  
  54  10:31  Hydralisk  
  54  10:32  Hydralisk  
  54  10:33  Hydralisk  
  54  10:34  Drone  
  60  10:40  Drone x3  
  63  10:46  Muscular Augments  
  63  11:02  Extractor  
  63  11:03  Extractor, Drone x5, Hatchery  
  65  11:09  Zergling x6  
  65  11:10  Roach x2  
  65  11:11  Swarm Host x3  
  72  11:14  Swarm Host  
  72  11:18  Glial Reconstitution  
  84  11:31  Roach x3, Swarm Host  
  84  11:32  Roach x2  
  97  11:43  Pneumatized Carapace  
  97  11:44  Swarm Host x2  
  97  11:45  Swarm Host  
  97  11:47  Overlord  
  106  11:58  Hive  
  106  12:00  Overlord  
  106  12:04  Pathogen Glands  
  106  12:06  Swarm Host  
  106  12:07  Roach x2  
  113  12:10  Overlord  
  113  12:21  Evolution Chamber  
  113  12:22  Drone x3  
  115  12:23  Evolution Chamber, Drone x2  
  115  12:28  Drone x4  
  120  12:43  Drone x2  
  120  12:44  Drone x7  
  126  12:48  Spore Crawler  
  126  12:49  Drone x2  
  130  12:51  Drone  
  130  12:55  Overlord  
  130  12:56  Overlord  
  131  13:12  Overlord x2  
  131  13:15  Hydralisk x6  
  143  13:20  Overlord  
  143  13:23  Zerg Missile Weapons Level 1  
  143  13:26  Hydralisk x2  
  144  13:37  Hydralisk x3  
  144  13:38  Infestor x2  
  144  13:39  Hydralisk  
  156  13:47  Extractor  
  155  13:48  Extractor  
  155  13:51  Spore Crawler  
  155  13:53  Spore Crawler  
  155  13:54  Drone x3  
  155  13:55  Drone x5  
  160  14:02  Spore Crawler  
  159  14:03  Spore Crawler  
  159  14:08  Spore Crawler  
  157  14:12  Spore Crawler, Hydralisk x2  
  157  14:13  Spore Crawler, Overlord  
  157  14:14  Overlord x2  
  159  14:18  Overlord  
  159  14:24  Zerg Ground Armor Level 1  
  159  14:31  Queen  
  159  14:34  Hydralisk x5  
  159  14:35  Viper x2  
  171  15:05  Hydralisk x5  
  175  15:20  Hydralisk  
  175  15:21  Hydralisk x3  
  175  15:22  Zergling x4, Overlord x3  
  175  15:23  Overlord  
  183  15:32  Overlord  
  183  15:33  Overlord  
  183  15:40  Zerg Missile Weapons Level 2  
  183  15:43  Hatchery  
  182  15:54  Hatchery  
  178  16:28  Swarm Host x4  
  178  16:29  Hydralisk x6  
  178  16:30  Hydralisk x2  
  178  16:31  Overlord x4  
  199  16:46  Hydralisk  
  199  16:47  Hydralisk x2  
  193  16:53  Zerg Ground Armor Level 2  
  199  17:00  Ultralisk Cavern  
  198  17:02  Spire  
  197  17:09  Lurker Den  
  197  17:10  Drone x3  
  189  17:41  Spore Crawler  
  182  17:46  Hydralisk x3  
  182  17:48  Ultralisk x2  
  198  17:59  Spore Crawler  
  197  18:09  Hydralisk  
  197  18:10  Hydralisk Den  
  197  18:12  Lair  
  198  18:16  Hydralisk x3  
  198  18:18  Overlord x4  
  199  18:26  Infestor x3  
  194  18:39  Hydralisk x3  
  194  18:40  Infestor  
  194  18:41  Hydralisk x3  
  194  18:47  Corruptor x2  
  197  18:58  Hydralisk  
  193  19:11  Spore Crawler  
  192  19:26  Corruptor x4  
  200  19:37  Spore Crawler  
  199  19:40  Extractor  
  199  19:41  Spore Crawler, Extractor  
  194  19:46  Spore Crawler  
  194  19:47  Hydralisk x3  
  194  19:48  Corruptor x3  
  194  19:49  Hydralisk x2  
  194  19:50  Zergling x2  
  161  20:09  Ultralisk x3, Hydralisk x2  
  151  20:26  Hydralisk x6  
Show
View Real Time Build Order
Export as new Build Order

Petr Terran 

Build Orders: 1/1/1 

Get SALT Encoding   

  12  0:00  SCV  
  13  0:12  SCV  
  14  0:18  Supply Depot  
  14  0:24  SCV  
  15  0:39  SCV  
  16  0:43  Barracks  
  16  0:46  Refinery  
  16  0:51  SCV  
  16  0:56  Refinery  
  17  1:04  SCV  
  18  1:16  SCV  
  19  1:33  Factory  
  19  1:34  Marine  
  19  1:39  Orbital Command  
  20  1:51  Marine  
  21  2:10  Supply Depot  
  21  2:13  SCV  
  22  2:17  Factory Tech Lab  
  22  2:20  Starport  
  22  2:25  SCV  
  23  2:34  Supply Depot  
  23  2:36  Siege Tank  
  26  2:37  SCV  
  26  2:40  Marine  
  28  2:54  SCV  
  28  2:56  Medivac  
  28  2:58  Marine  
  32  3:10  Siege Tank  
  35  3:16  Marine  
  36  3:26  Medivac  
  38  3:34  Marine  
  39  3:51  Supply Depot  
  39  3:53  Supply Depot x3  
  39  4:12  Engineering Bay, Siege Tank, Marine  
  43  4:30  Marine  
  44  4:39  Liberator  
  44  4:41  Command Center  
  47  4:47  Marine  
  48  5:00  Siege Tank  
  48  5:05  Marine  
  52  5:22  Viking  
  54  5:48  Siege Tank  
  54  5:49  Marine  
  57  6:06  Marine  
  45  6:24  Marine  
  46  6:30  Siege Tank  
  49  6:37  SCV  
  50  6:42  Marine  
  51  6:49  SCV  
  52  7:00  Marine  
  53  7:01  SCV  
  54  7:14  SCV  
  52  7:18  Marine  
  53  7:26  SCV  
  51  7:32  Orbital Command  
  51  7:33  Siege Tank  
  51  7:35  Marine  
  55  7:53  Marine  
  59  8:05  Siege Tank  
  59  8:11  Marine  
  54  8:29  Marine  
  49  9:05  Orbital Command  
  46  9:12  SCV  
  46  9:16  Siege Tank  
  46  9:17  Marine  
  51  9:24  SCV  
  51  9:31  SCV  
  53  9:32  Supply Depot  
  53  9:34  Marine, Supply Depot  
  53  9:36  Supply Depot x2, SCV  
  55  9:42  Starport Tech Lab  
  55  9:43  SCV  
  56  9:49  SCV  
  56  9:52  Marine  
  58  9:55  SCV  
  58  9:56  Supply Depot  
  58  9:57  Refinery  
  55  10:01  SCV  
  55  10:02  Refinery  
  52  10:07  SCV  
  52  10:13  SCV  
  50  10:19  SCV  
  51  10:25  SCV  
  52  10:31  SCV  
  53  10:36  Fusion Core  
  53  10:37  SCV  
  54  10:43  SCV  
  54  10:49  SCV  
  56  10:55  SCV  
  57  11:01  SCV  
  58  11:06  Starport  
  58  11:07  SCV  
  59  11:11  Supply Depot  
  59  11:13  SCV  
  59  11:14  Supply Depot  
  59  11:16  Command Center  
  60  11:19  Supply Depot  
  60  11:20  Starport  
  60  11:25  Weapon Refit  
  60  11:28  Battlecruiser  
  66  11:37  Missile Turret  
  66  11:39  Missile Turret  
  66  11:41  Missile Turret  
  66  11:42  Missile Turret  
  66  11:43  Missile Turret x2, Hi-Sec Auto Tracking  
  66  11:45  Starport Tech Lab  
  66  11:50  Missile Turret  
  66  11:51  Siege Tank  
  69  11:54  Marine  
  70  12:07  Starport Tech Lab  
  70  12:09  Missile Turret  
  70  12:12  Marine  
  70  12:13  Battlecruiser  
  77  12:23  Siege Tank  
  77  12:28  Missile Turret  
  80  12:30  Marine  
  80  12:36  Battlecruiser  
  87  12:40  Neosteel Armor  
  87  12:48  Marine  
  87  12:49  SCV x2  
  90  12:55  Siege Tank  
  93  13:01  Missile Turret, SCV x2  
  93  13:02  Missile Turret  
  95  13:05  Marine  
  94  13:13  SCV x2  
  96  13:25  SCV x2  
  98  13:30  Missile Turret  
  98  13:31  Missile Turret  
  98  13:32  Missile Turret  
  98  13:38  Marine  
  99  13:44  Planetary Fortress  
  99  13:46  SCV  
  99  13:47  SCV  
  101  13:51  Missile Turret, Refinery  
  101  13:52  Missile Turret  
  101  13:56  Marine  
  101  13:57  Refinery  
  101  13:58  SCV  
  101  13:59  SCV  
  104  14:11  SCV x2  
  104  14:12  Armory  
  104  14:13  Supply Depot  
  104  14:14  Marine  
  107  14:17  Armory  
  107  14:23  SCV  
  101  14:35  Battlecruiser  
  107  14:44  Battlecruiser  
  113  14:46  SCV x2  
  115  14:58  SCV  
  116  15:06  Battlecruiser  
  110  15:11  Siege Tank  
  113  15:21  Missile Turret x2  
  113  15:22  Missile Turret  
  107  15:32  Terran Vehicle And Ship Armor Level 1, Terran Ship Weapons Level 1  
  107  15:42  Command Center  
  107  15:43  Siege Tank  
  107  15:48  Battlecruiser  
  113  16:15  Siege Tank  
  116  16:37  Battlecruiser x2  
  116  16:47  Siege Tank  
  116  16:49  SCV  
  120  17:01  SCV  
  121  17:08  Missile Turret  
  121  17:10  Missile Turret  
  121  17:13  SCV  
  121  17:14  Battlecruiser  
  128  17:19  Widow Mine  
  130  17:26  Terran Ship Weapons Level 2  
  130  17:27  Terran Vehicle And Ship Armor Level 2  
  127  17:41  Widow Mine  
  107  18:02  Widow Mine  
  106  18:24  Widow Mine  
  108  18:28  Battlecruiser  
  99  19:10  Battlecruiser  
  105  19:19  SCV x2  
  107  19:31  SCV x2  
  100  19:43  SCV x2  
  100  19:49  Siege Tank  
  88  19:55  SCV  
  65  20:07  SCV  
Tags
 
Add a new tag
Caveats
  • Supply blocks, unpowered buildings, or Contaminate may cause inaccurate times.
  • Supply counts are checked every 10 seconds.